Map: 16-Bit LE

Players

Optimus

  • Race: Terran Terran
  • League: Master
  • Spawn Location: 1:00

LiquidTLO (TLO) - Winner!

  • Race: Zerg Zerg
  • League: Grandmaster
  • Spawn Location: 7:00

Event: HomeStory Cup XVII

VOD

Have the link to the VOD?

Description

Time

  • Played on: June 28, 2018, 5:17 p.m.
  • Length: 16:18

All games in this series

Show
View Real Time Build Order
Export as new Build Order

Optimus Terran 

Build Orders: MMM Bio 

Get SALT Encoding   

  12  0:00  SCV  
  13  0:12  SCV  
  14  0:17  Supply Depot  
  14  0:25  SCV  
  15  0:39  SCV  
  15  0:40  Barracks  
  16  0:46  Refinery  
  16  0:51  SCV  
  17  1:00  Barracks  
  17  1:04  SCV  
  18  1:17  Barracks  
  18  1:21  SCV  
  19  1:28  Reaper  
  20  1:35  Refinery  
  20  1:47  Reaper  
  21  1:49  Orbital Command  
  21  1:58  Supply Depot  
  21  2:02  Reaper  
  22  2:10  Reaper  
  23  2:19  SCV  
  23  2:20  Reaper  
  25  2:26  Supply Depot  
  25  2:31  SCV  
  26  2:39  Reaper  
  26  2:43  SCV  
  28  2:45  Reaper  
  29  2:56  Reaper, SCV  
  31  3:08  SCV  
  33  3:17  Reaper  
  34  3:20  SCV  
  35  3:27  Command Center  
  35  3:29  Reaper  
  35  3:32  SCV  
  36  3:42  Barracks Tech Lab  
  36  3:44  SCV  
  35  3:56  SCV  
  35  3:58  Factory, Supply Depot  
  35  3:59  Barracks Reactor  
  35  4:00  Stimpack  
  35  4:01  Marine  
  37  4:06  Barracks Reactor  
  37  4:08  SCV  
  38  4:19  Marine  
  38  4:20  SCV  
  39  4:32  SCV  
  39  4:35  Marine  
  39  4:36  Marine  
  39  4:37  Marine  
  43  4:40  Orbital Command  
  43  4:43  Starport  
  43  4:44  Marine x2, SCV  
  43  4:45  Refinery, Factory Reactor  
  46  4:53  Marine  
  46  4:54  Marine  
  46  4:55  Marine  
  46  4:57  SCV  
  50  5:02  Marine  
  50  5:04  Supply Depot  
  50  5:06  SCV  
  50  5:07  Marine  
  52  5:09  SCV  
  52  5:11  Marine x2  
  56  5:15  Marine  
  56  5:18  SCV  
  56  5:19  Marine  
  59  5:22  SCV  
  59  5:24  Marine  
  61  5:29  Marine x2  
  61  5:30  SCV  
  61  5:33  Marine  
  61  5:34  Medivac x2  
  69  5:42  SCV  
  70  5:46  Engineering Bay x2, Supply Depot  
  70  5:49  Supply Depot  
  70  6:00  Supply Depot  
  70  6:06  Combat Shields  
  70  6:08  Marine x4, SCV  
  75  6:12  Terran Infantry Weapons Level 1, SCV  
  75  6:14  Terran Infantry Armor Level 1  
  75  6:15  Marine  
  77  6:20  SCV  
  77  6:24  SCV  
  79  6:27  Marine x3  
  79  6:28  Marine  
  79  6:32  SCV  
  84  6:33  Marine  
  84  6:36  SCV  
  86  6:42  Command Center  
  86  6:50  Barracks  
  86  6:51  Factory Tech Lab  
  86  6:52  Barracks  
  86  6:57  SCV x2  
  86  6:58  Supply Depot  
  88  7:02  Marine x3  
  88  7:04  Marine  
  92  7:13  SCV  
  93  7:20  Siege Tank  
  92  7:28  Armory  
  90  7:30  Medivac x2  
  90  7:33  Refinery  
  90  7:34  Marine x5  
  99  7:53  Barracks Reactor x2, Marine x2  
  99  7:54  Orbital Command, Marine x3  
  99  7:58  Siege Tank  
  107  8:06  Concussive Shells  
  107  8:11  Medivac x2, Marine x3  
  107  8:12  Orbital Command  
  114  8:13  Marine x2  
  116  8:22  Terran Infantry Weapons Level 2  
  116  8:24  Terran Infantry Armor Level 2  
  116  8:29  Marine  
  117  8:41  Supply Depot, Marine x5  
  117  8:42  SCV x3  
  125  8:56  Siege Tank, Marine x2, SCV  
  125  8:57  Supply Depot  
  125  8:58  Supply Depot  
  118  9:03  SCV x2  
  118  9:07  Medivac x2  
  118  9:08  SCV  
  125  9:15  Supply Depot x2, SCV  
  126  9:20  Marine  
  126  9:21  Marine x5  
  131  9:26  Marine  
  131  9:27  Marine x2  
  134  9:32  Refinery  
  134  9:33  SCV  
  134  9:34  Supply Depot  
  134  9:35  SCV x2  
  134  9:37  Liberator x2  
  134  9:38  Marine, Siege Tank  
  140  9:44  Marine x6  
  148  9:57  Marine  
  148  9:58  Marine  
  148  9:59  Marauder  
  154  10:02  Marine x3  
  157  10:09  Command Center  
  157  10:13  Marine  
  157  10:14  Marine x2  
  162  10:15  Marine  
  162  10:21  Thor, Supply Depot, Marauder  
  162  10:22  Liberator x2  
  154  10:33  Terran Vehicle Weapons Level 1  
  154  10:35  Factory  
  153  10:38  Marine x7  
  158  10:44  Marine x2  
  158  10:48  Missile Turret  
  158  10:49  Missile Turret  
  148  10:52  Missile Turret  
  148  10:55  Marine, Missile Turret  
  148  10:56  Marine x2  
  148  10:57  Missile Turret  
  151  11:08  Thor  
  157  11:14  Marine x8  
  157  11:15  Marauder  
  167  11:20  Factory Tech Lab  
  167  11:25  Terran Infantry Armor Level 3  
  167  11:31  Terran Infantry Weapons Level 3, Marine  
  167  11:32  Marine x3  
  171  11:40  Siege Tank  
  171  11:41  Refinery  
  139  11:56  Siege Tank  
  108  12:06  Marine x9  
  110  12:10  SCV x2  
  110  12:12  Siege Tank  
  111  12:17  Missile Turret  
  111  12:23  Marine  
  111  12:29  Siege Tank  
  105  12:32  Planetary Fortress  
  105  12:33  SCV  
  105  12:34  SCV  
  105  12:35  SCV  
  102  12:38  Marine  
  102  12:39  Marine x5  
  106  12:45  Siege Tank  
  106  12:48  SCV  
  106  12:49  SCV  
  94  12:51  Marine  
  94  12:52  Marine x2  
  94  12:53  Medivac x2  
  94  12:56  Marine x4, SCV  
  94  12:57  Marine x2  
  106  13:00  SCV  
  106  13:01  SCV, Siege Tank  
  111  13:07  Missile Turret  
  111  13:08  SCV  
  111  13:09  Marine  
  113  13:13  SCV  
  113  13:14  SCV x2  
  113  13:18  Ghost Academy  
  116  13:22  Barracks  
  116  13:23  Barracks  
  116  13:24  Medivac x2  
  120  13:27  SCV  
  120  13:28  Marine x3  
  120  13:29  Marine  
  120  13:32  Marauder  
  127  13:35  Siege Tank  
  127  13:37  Siege Tank  
  127  13:40  SCV x2  
  127  13:41  SCV  
  133  13:50  Personal Cloaking  
  133  13:54  Missile Turret  
  133  13:57  Ghost  
  133  13:58  Marine x7  
  142  14:05  Refinery x2  
  142  14:10  Barracks Tech Lab  
  142  14:11  Barracks Tech Lab  
  142  14:15  Missile Turret  
  142  14:20  Marine  
  142  14:21  Marine x7  
  148  14:25  Ghost  
  145  14:36  Ghost x2  
  144  14:38  Marine x4  
  142  14:52  Marine x4  
  126  14:54  Ghost  
  126  14:56  Marine  
  118  15:04  Ghost  
  113  15:08  Marine x3  
  113  15:09  Marine  
  113  15:10  Marine x3  
  113  15:14  Marine  
  107  15:16  SCV x2  
  107  15:20  SCV x2  
  104  15:22  Marine  
  104  15:26  Orbital Command, Marine x3  
  104  15:27  Marine x3  
  104  15:28  SCV  
  110  15:29  SCV  
  110  15:31  Ghost  
  110  15:33  Medivac x2, Ghost  
  119  15:36  SCV  
  119  15:40  Ghost  
  123  15:44  Siege Tank  
  125  15:55  Marine  
  125  15:56  Marine x3  
  129  15:57  SCV  
  129  16:02  SCV  
Show
View Real Time Build Order
Export as new Build Order

LiquidTLO Zerg - Winner!

Build Orders: Hatch First, Brood Lord Corruptor, Muta Ling Bane 

Get SALT Encoding   

  12  0:00  Drone  
  13  0:08  Drone  
  14  0:17  Overlord  
  14  0:35  Drone  
  14  0:36  Drone x2  
  17  0:53  Hatchery  
  16  0:57  Drone  
  16  1:01  Drone  
  18  1:08  Extractor  
  18  1:09  Drone  
  18  1:20  Spawning Pool  
  18  1:23  Drone  
  18  1:29  Drone  
  19  1:43  Drone  
  20  1:51  Drone  
  21  2:01  Overlord  
  21  2:07  Queen x2  
  21  2:08  Drone  
  26  2:11  Metabolic Boost  
  26  2:15  Zergling x2  
  27  2:18  Drone  
  28  2:23  Drone  
  28  2:29  Drone  
  30  2:34  Drone  
  30  2:35  Extractor  
  30  2:41  Zergling x2  
  30  2:42  Queen  
  33  2:45  Overlord  
  33  2:48  Zergling x2  
  34  2:52  Extractor  
  34  2:56  Zergling x2  
  34  3:01  Hatchery  
  34  3:03  Zergling x2  
  35  3:07  Zergling x2  
  35  3:10  Zergling x2  
  36  3:14  Zergling x2  
  36  3:15  Zergling x2  
  36  3:17  Zergling x2  
  36  3:18  Zergling x2  
  36  3:19  Zergling x2  
  41  3:20  Zergling x2  
  41  3:21  Zergling x2  
  41  3:25  Zergling x2  
  41  3:29  Queen  
  43  3:36  Overlord  
  43  3:40  Overlord  
  44  3:41  Zergling x2  
  44  3:46  Zergling x2  
  41  3:54  Zergling x2  
  37  3:57  Zergling x2  
  37  3:58  Queen  
  37  4:01  Zergling x2  
  41  4:09  Zergling x2  
  44  4:10  Zergling x6  
  44  4:13  Queen  
  44  4:15  Zergling x2  
  44  4:16  Zergling x2  
  49  4:21  Zergling x2  
  50  4:26  Zergling x2  
  50  4:28  Zergling x2  
  50  4:29  Zergling x2  
  50  4:31  Queen  
  50  4:36  Overlord  
  50  4:37  Drone  
  53  4:40  Overlord  
  53  4:46  Overlord  
  53  4:47  Drone  
  53  4:49  Drone  
  53  4:52  Drone  
  56  4:56  Drone, Extractor  
  56  4:58  Drone  
  56  4:59  Drone  
  57  5:01  Drone  
  57  5:04  Drone  
  59  5:12  Drone  
  59  5:13  Baneling Nest  
  59  5:14  Drone  
  60  5:19  Drone  
  60  5:21  Drone  
  60  5:22  Drone  
  60  5:25  Drone  
  60  5:26  Drone  
  60  5:27  Drone  
  65  5:29  Drone  
  65  5:33  Drone  
  65  5:35  Drone  
  68  5:38  Drone, Evolution Chamber  
  68  5:39  Drone  
  68  5:41  Drone  
  70  5:43  Drone  
  70  5:44  Drone  
  70  5:49  Drone  
  73  5:50  Evolution Chamber  
  73  5:51  Drone  
  73  5:52  Zergling x2  
  73  5:55  Drone  
  75  5:57  Zergling x2  
  75  5:59  Drone  
  75  6:01  Zergling x4  
  75  6:03  Drone  
  80  6:05  Drone  
  80  6:06  Zerg Ground Armor Level 1  
  80  6:10  Drone  
  81  6:14  Drone  
  81  6:17  Drone  
  81  6:18  Zerg Melee Weapons Level 1  
  83  6:21  Drone x2  
  83  6:22  Drone  
  83  6:23  Lair  
  83  6:24  Spore Crawler, Zergling x4  
  87  6:25  Zergling x2  
  87  6:27  Zergling x2  
  87  6:32  Baneling x2  
  89  6:36  Zergling x2  
  89  6:37  Overlord  
  90  6:41  Overlord x2  
  90  6:42  Overlord  
  90  6:45  Overlord  
  90  6:46  Overlord  
  90  6:56  Baneling  
  90  7:00  Zergling x6  
  93  7:02  Drone x7  
  93  7:04  Queen, Zergling x2, Extractor  
  93  7:05  Queen  
  93  7:06  Zergling x2  
  93  7:07  Drone  
  106  7:09  Extractor  
  106  7:14  Drone  
  106  7:16  Drone x2  
  106  7:19  Drone  
  106  7:20  Drone  
  106  7:21  Drone  
  106  7:22  Hatchery  
  102  7:25  Drone  
  102  7:26  Centrifical Hooks  
  103  7:32  Drone x2, Extractor  
  103  7:36  Drone, Extractor  
  104  7:38  Zergling x2  
  104  7:39  Baneling x3  
  104  7:40  Baneling x5  
  104  7:41  Queen x2  
  104  7:43  Zergling x2  
  108  7:48  Zergling x2  
  108  7:50  Zergling x4  
  111  7:58  Zergling x2  
  112  7:59  Spore Crawler, Zergling x2  
  112  8:02  Spire  
  112  8:03  Zergling x2  
  112  8:07  Zergling x2  
  112  8:10  Spore Crawler  
  112  8:11  Zergling x6  
  115  8:13  Zergling x2  
  115  8:18  Zergling x2  
  117  8:20  Zerg Ground Armor Level 2  
  117  8:23  Drone x2  
  117  8:24  Zerg Melee Weapons Level 2  
  118  8:28  Zergling x6  
  118  8:29  Zergling x2  
  118  8:33  Zergling x2  
  123  8:34  Zergling x8  
  123  8:35  Zergling x2  
  123  8:39  Overlord  
  128  8:41  Overlord  
  128  8:47  Drone  
  127  8:53  Baneling  
  127  8:54  Overlord  
  127  8:57  Drone  
  127  8:58  Overlord, Zergling x2  
  127  8:59  Drone  
  127  9:01  Zergling x2  
  127  9:02  Zergling x2  
  131  9:03  Zergling x4  
  131  9:05  Drone x7  
  131  9:08  Hatchery  
  137  9:10  Zergling x4  
  137  9:12  Zergling x2  
  137  9:13  Baneling  
  137  9:14  Baneling x8  
  134  9:18  Zergling x2  
  134  9:19  Zergling x2  
  134  9:20  Zergling x4  
  134  9:21  Baneling x2  
  134  9:22  Baneling  
  134  9:23  Zerg Flyer Weapons Level 1, Mutalisk  
  134  9:24  Mutalisk x3  
  134  9:25  Baneling x2  
  134  9:27  Burrow  
  142  9:33  Mutalisk  
  142  9:41  Mutalisk  
  142  9:47  Mutalisk  
  142  9:50  Drone  
  142  9:51  Zergling x2  
  142  9:52  Zergling x12  
  152  9:53  Zergling x4  
  152  9:55  Zergling x2  
  152  9:57  Extractor  
  152  9:59  Zergling x2  
  155  10:01  Overlord  
  155  10:02  Overlord x2  
  155  10:03  Infestation Pit  
  155  10:04  Zergling x2  
  155  10:05  Spore Crawler, Zergling x6  
  155  10:06  Zergling x2  
  158  10:07  Baneling x4, Overseer  
  158  10:10  Zergling x2  
  158  10:11  Zergling x2  
  160  10:20  Mutalisk x2  
  163  10:24  Mutalisk  
  163  10:27  Mutalisk  
  166  10:29  Zergling x4  
  166  10:30  Zergling x2  
  166  10:31  Zergling x4  
  166  10:32  Zergling x2  
  166  10:35  Drone x2  
  170  10:45  Hive  
  170  10:46  Drone  
  171  10:50  Drone x5  
  171  10:52  Drone  
  171  10:53  Drone  
  171  10:56  Mutalisk  
  180  10:58  Drone, Hatchery  
  180  10:59  Zergling x2, Drone  
  180  11:01  Zergling x2  
  180  11:03  Zergling x4  
  186  11:04  Zergling x4  
  186  11:05  Zergling x4  
  189  11:21  Zergling x4  
  190  11:26  Extractor  
  190  11:27  Baneling x2  
  190  11:28  Baneling x2  
  189  11:34  Overlord  
  189  11:37  Zergling x2  
  189  11:39  Overlord  
  190  11:40  Overlord  
  190  11:49  Zergling x4  
  190  11:50  Zergling x2  
  190  11:53  Zergling x2  
  174  11:54  Zergling x4  
  174  11:56  Zergling x4  
  174  11:58  Zergling x2  
  174  11:59  Zergling x2  
  174  12:00  Zergling x8  
  174  12:01  Zergling x22  
  156  12:02  Zergling x2  
  156  12:03  Zergling x4  
  156  12:04  Zergling x2  
  156  12:06  Zerg Melee Weapons Level 3, Zerg Ground Armor Level 3, Adrenal Glands, Greater Spire  
  157  12:10  Queen  
  157  12:11  Queen  
  157  12:12  Zergling x2, Drone x2  
  157  12:15  Zergling x2  
  164  12:16  Mutalisk  
  164  12:17  Baneling x4, Queen x2  
  164  12:20  Drone x2  
  164  12:22  Queen, Zergling x2  
  173  12:24  Baneling, Zergling x2  
  173  12:25  Zergling x2  
  173  12:28  Zergling x4  
  177  12:30  Zergling x4  
  177  12:33  Zergling x4  
  177  12:36  Corruptor  
  181  12:37  Corruptor x6  
  190  12:45  Zergling x2  
  190  12:46  Zergling x2  
  190  12:47  Zergling x4  
  190  12:48  Zergling x4  
  190  12:49  Mutalisk x2  
  171  12:54  Corruptor x2, Zergling x2  
  170  12:59  Zergling x4  
  170  13:00  Zergling x4  
  170  13:02  Pneumatized Carapace  
  174  13:07  Zergling x2  
  174  13:08  Zergling x2  
  174  13:10  Zergling x4  
  174  13:11  Zergling x4  
  180  13:14  Zergling x4  
  180  13:19  Brood Lord x3  
  188  13:22  Brood Lord  
  190  13:27  Spine Crawler x2  
  190  13:28  Spore Crawler, Spine Crawler  
  190  13:29  Extractor x2  
  190  13:30  Drone  
  190  13:31  Spore Crawler x2  
  190  13:32  Brood Lord  
  185  13:37  Brood Lord  
  185  13:39  Zergling x2  
  185  13:40  Drone x2  
  185  13:41  Drone  
  191  13:43  Spine Crawler, Drone  
  191  13:44  Spine Crawler, Drone  
  188  13:51  Brood Lord  
  188  13:53  Zergling x2  
  186  13:55  Zergling x2  
  186  13:58  Zergling x2  
  186  13:59  Zergling x4  
  189  14:04  Baneling, Zergling x2, Corruptor  
  189  14:06  Drone  
  189  14:09  Baneling  
  193  14:11  Brood Lord  
  193  14:12  Brood Lord  
  193  14:16  Zergling x2  
  200  14:17  Zergling x4  
  200  14:19  Baneling x5  
  200  14:31  Baneling x3  
  194  14:38  Zergling x2  
  194  14:39  Zergling x2  
  194  14:41  Zergling x2  
  194  14:42  Zergling x4  
  194  14:45  Zergling x4  
  193  14:46  Zergling x4  
  166  14:53  Zergling x26  
  166  14:54  Zergling x2  
  159  15:10  Zergling x2  
  145  15:17  Zergling x2  
  145  15:18  Zergling x2  
  145  15:21  Zergling x4  
  141  15:23  Zergling x18  
  141  15:24  Zergling x18  
  141  15:26  Baneling x8  
  141  15:27  Baneling x15  
  155  15:31  Ultralisk Cavern  
  155  15:32  Zergling x2  
  155  15:33  Zergling x4  
  157  15:36  Drone x3  
  157  15:37  Queen x2  
  164  15:48  Zergling x2  
  164  15:49  Zergling x16  
  159  15:55  Baneling  
  159  15:56  Zergling x2  
  160  16:02  Drone  
  160  16:03  Drone  
  162  16:05  Drone  
Tags
 
Add a new tag
Caveats
  • Supply blocks, unpowered buildings, or Contaminate may cause inaccurate times.
  • Supply counts are checked every 10 seconds.